 Dungeon Crawl Stone Soup version 0.27.1-35-g4d5d836560 (webtiles) character file.

Game seed: 13838445895268732716

483 CrazyMind the Digger (level 7, -5/42 HPs)
             Began as an Octopode Earth Elementalist on July 9, 2022.
             Succumbed to a kobold brigand's curare-tipped dart
             ... on level 4 of the Dungeon.
             The game lasted 00:25:20 (6100 turns).

CrazyMind the Digger (Octopode Earth Elementalist)  Turns: 6100, Time: 00:25:21

Health: -5/42      AC:  1    Str:  8    XL:     7   Next: 12%
Magic:  7/11       EV: 13    Int: 25    God:
Gold:   115        SH:  0    Dex: 12    Spells: 6/12 levels left

rFire    . . .     SeeInvis .   a - +0 dagger
rCold    . . .     Faith    .   (no shield)
rNeg     . . .     Spirit   .   (helmet restricted)
rPois    .         Reflect  .   (no amulet)
rElec    .         Harm     .   r - +6 ring of intelligence
rCorr    .         Rampage  .   (no ring)
Will     .....                  (no ring)
Stlth    +++++.....             (no ring)
HPRegen  0.14/turn              (no ring)
MPRegen  0.12/turn              (no ring)
                                (no ring)
                                (no ring)

@: lethally poisoned (-5 -> -35), slowed, very slow
A: almost no armour, amphibious, 8 rings, camouflage 1, gelatinous body 1,
nimble swimmer 1, tentacles
a: no special abilities


You were on level 4 of the Dungeon.
You visited 2 branches of the dungeon, and saw 5 of its levels.

You collected 137 gold pieces.
You spent 22 gold pieces at shops.

Inventory:

Hand Weapons
 a - a +0 dagger (weapon)
Missiles
 b - 115 stones
 m - 42 poisoned darts
 o - 7 atropa-tipped darts
 s - 3 silver boomerangs
Armour
 p - a +0 buckler
Jewellery
 r - a +6 ring of intelligence (left tentacle)
Wands
 k - a wand of digging (5)
Scrolls
 g - 2 scrolls of noise {unknown}
 h - a scroll of fear {unknown}
 i - 2 scrolls of identify
 j - 2 scrolls of amnesia {unknown}
 l - 2 scrolls of teleportation {unknown}
 n - 2 scrolls of blinking {unknown}
Potions
 d - a potion of curing {unknown}
 e - a potion of might {unknown}
 f - a potion of heal wounds {unknown}
 q - a potion of brilliance {unknown}


   Skills:
 + Level 0.8 Fighting
 + Level 2.6 Dodging
 + Level 5.0 Stealth
 * Level 1.2 Shields
 + Level 3.3 Spellcasting
 * Level 2.2 Conjurations
 - Level 1.0 Transmutations
 * Level 5.3 Earth Magic


You had 6 spell levels left.
You knew the following spells:

 Your Spells              Type           Power      Damage    Failure   Level
a - Sandblast             Erth           60%        2d14      1%          1
b - Passwall              Tmut/Erth      16%        N/A       4%          2
c - Stone Arrow           Conj/Erth      46%        3d9       6%          3

Your spell library contained the following spells:

 Spells                   Type           Power      Damage    Failure   Level
 Petrify                  Tmut/Erth      20%        N/A       26%         4
 Gell's Gravitas          Tloc           2%         N/A       30%         3
 Lesser Beckoning         Tloc           2%         N/A       30%         3
 Portal Projectile        Hex/Tloc       8%         N/A       30%         3
 Teleport Other           Tloc           4%         N/A       30%         3
 Blade Hands              Tmut           4%         N/A       87%         5
 Excruciating Wounds      Necr           2%         N/A       95%         5


Dungeon Overview and Level Annotations

Branches:
Dungeon (4/15)             Temple (1/1) D:4

Altars:
Ashenzari
Fedhas
Hepliaklqana
Kikubaaqudgha
Makhleb
Okawaru
Ru
Sif Muna
Trog
Uskayaw
Wu Jian
Xom
Yredelemnul
Zin
The Shining One

Shops:
D:2 ?

Annotations:
D:2 1 runed translucent door, exclusion: adder, Crazy Yiuf, Jessica
D:4 exclusion: ogre


Innate Abilities, Weirdness & Mutations

You cannot wear most types of armour.
You are amphibious.
You can wear up to eight rings at the same time.
Your skin changes colour to match your surroundings (Stealth+).
Your rubbery body absorbs attacks. (AC +1, EV +1)
You are camouflaged near water. (Stealth+)
You have tentacles for arms and can constrict up to eight enemies at once.


Message History

Confirm with . or Enter, or press ? or * to list all spells.
Aiming: Sandblast (safe; 1% risk of failure)
Press: ? - help, Shift-Dir - straight line, f/p - gnoll
Aim: a gnoll, wielding a +0 spear (severely wounded, 84% to hit)
The blast of sand hits the gnoll!
You kill the gnoll!
There is an open door here.
There is a large open door here.
You see here a +0 dagger.
The kobold brigand throws a curare-tipped dart.
The curare-tipped dart closely misses you.
The kobold brigand throws a curare-tipped dart.
The curare-tipped dart hits you.
You are poisoned.
You have difficulty breathing.
You feel yourself slow down.
You feel very sick.
You feel very sick.
You are quite poisoned (16 -> 9).
You are slowed.
You have 6 tentacles available for constriction.
Your swimming speed is very slow.
Your attack delay is about 1.5.
Your base attributes are Str 8, Int 19, Dex 12.
Unknown command.
Unknown command.
You feel sick.
You feel sick.
You feel sick.
The kobold brigand throws a curare-tipped dart.
The curare-tipped dart hits you.
You are lethally poisoned!
You have difficulty breathing.
* * * LOW HITPOINT WARNING * * *
You feel as though you will be slow longer.
The kobold brigand throws a curare-tipped dart.
The curare-tipped dart hits you.
You are more poisoned.
You have difficulty breathing.
* * * LOW HITPOINT WARNING * * *
You feel as though you will be slow longer.
It was a potion of lignification.
You feel woody for a moment.
You die...

..##########....#...............#
..................########.......
.......###.###....########.#.....
.................................
.................................
≈....≈≈.≈g≈.≈≈≈≈≈≈.≈≈.≈≈.≈≈.≈.≈≈.
≈....≈≈≈≈K≈≈≈≈≈≈≈≈≈≈≈≈≈≈≈≈≈≈≈≈≈≈≈
.....≈≈)K≈≈K≈≈≈≈≈≈≈≈≈≈≈≈≈≈≈≈≈≈≈≈≈
≈....)≈≈≈≈≈≈≈≈≈≈@≈≈≈≈≈≈≈≈≈≈≈#####
##''######################### #
#.)..#.......#..............# #
#....#.......'..............# K#
#(...#########..............##K##
(....K#.....).)..########......#≈
......'.)).Kg).).# #......#≈
......#..........########......#≈
#....#########.......†......##'##


You could see a kobold brigand, a gnoll and a kobold.

Vanquished Creatures
  2 kobold brigands (D:4)
  A hound (D:4)
  An iguana (D:4)
  An orc wizard (D:4)
  A hound skeleton (D:4)
  10 gnolls
  4 adders
  2 worms
  4 dart slugs
  5 orcs
  8 ball pythons
  6 bats
  6 endoplasms
  6 giant cockroaches
  8 hobgoblins
  2 jackals (D:3)
  24 kobolds
  4 quokkas
  3 frilled lizards (D:1)
  6 goblins
  8 rats
112 creatures vanquished.

Notes
Turn   | Place    | Note
-------+----------+-------------------------------------------
     0 | D:1      | CrazyMind the Octopode Earth Elementalist began the quest
                  | for the Orb.
     0 | D:1      | Reached XP level 1. HP: 11/11 MP: 3/3
   329 | D:1      | Reached XP level 2. HP: 17/17 MP: 5/5
   332 | D:1      | Learned a level 2 spell: Passwall
   356 | D:1      | Found a faded altar of an unknown god.
   357 | D:1      | Noticed a great orb of eyes
   358 | D:1      | Noticed a golden eye
   359 | D:1      | Noticed an eye of devastation
   359 | D:1      | Noticed a floating eye
  1415 | D:2      | Reached XP level 3. HP: 19/21 MP: 6/6
  1487 | D:2      | Learned a level 3 spell: Stone Arrow
  1552 | D:2      | Found Qidodon's Magic Scroll Boutique.
  1560 | D:2      | Bought a scroll of identify for 22 gold pieces
  1980 | D:2      | Found a runed translucent door.
  1981 | D:2      | Noticed Crazy Yiuf
  2072 | D:2      | Noticed Jessica
  2634 | D:3      | Reached XP level 4. HP: 27/27 MP: 7/7
  3299 | D:3      | Reached skill level 1 in Conjurations
  3355 | D:3      | Reached XP level 5. HP: 20/32 MP: 0/8
  4274 | D:4      | Found a staircase to the Ecumenical Temple.
  4283 | Temple   | Entered the Ecumenical Temple
  4419 | D:4      | Found a shimmering altar of Xom.
  4440 | D:4      | Noticed an ogre
  4601 | D:4      | Found a broken altar of Ashenzari.
  4717 | D:4      | Found a sacrificial altar of Ru.
  5031 | D:4      | Reached XP level 6. HP: 37/37 MP: 7/10
  5307 | D:4      | Reached skill level 1 in Shields
  5532 | D:4      | Reached skill level 5 in Stealth
  5532 | D:4      | Reached skill level 5 in Earth Magic
  5927 | D:4      | Reached XP level 7. HP: 42/42 MP: 8/11
  6100 | D:4      | Succumbed to a kobold brigand's curare-tipped dart

Illustrated notes

Levels and vault maps discovered:
D:1:      sevenhm_arrival_forest_fort_large_4, layout_basic,
          hellmonk_ecumenical_altar_watching_god, grunt_decor_cap
D:2:      layout_basic, serial_shops, nicolae_diamond_shop, uniq_jessica,
          uniq_crazy_yiuf_cottage
D:3:      minmay_evil_eye, layout_basic, minmay_mini_jars
D:4:      minmay_goblin_kobold_castle, layout_rooms,
          mainiacjoe_overflow_cross_hatched, mainiacjoe_overflow_paths,
          nicolae_ru_the_path_less_chosen, minmay_temple_entry_glass,
          grunt_tough_drop
Temple:   hc_temple_tempest_star

Skill      XL: |  1  2  3  4  5  6 |
---------------+-------------------+-----
Stealth        | 3 4 5 |  5.0
Earth Magic    | 4 5 |  5.3
Conjurations   | 1 2 |  2.2
Shields        | 1 |  1.2
Spellcasting   | 3 |  3.3
Fighting       | |  0.8
Dodging        | |  2.6
Transmutations | |  1.0

Action                   |  1- 3 |  4- 6 |  7- 9 || total
-------------------------+-------+-------+-------++-------
Melee: Unarmed           |    23 |       |       ||    23
       Tentacles         |    19 |    15 |       ||    34
       Constrict         |    23 |    19 |       ||    42
       Dagger            |    63 |    55 |       ||   118
Throw: Dart              |       |     3 |       ||     3
 Cast: Sandblast         |    14 |    56 |    17 ||    87
       Stone Arrow       |       |     5 |     1 ||     6
  Use: Potion            |       |       |     1 ||     1
 Stab: Sleeping          |    14 |     6 |       ||    20
Armor: Skin              |    10 |       |       ||    10
Dodge: Dodged            |    62 |    52 |     5 ||   119
